 Dungeon Crawl Stone Soup version 0.21.2-1-g0862bd23eb (webtiles) character file.

1176 MordorOrchid the Ruffian (level 8, -9/108 HPs)
             Began as a Troll Necromancer on Nov 30, 2019.
             Mangled by an orc warrior
             ... wielding a +0 glaive
              (11 damage)
             ... on level 6 of the Dungeon.
             The game lasted 00:10:45 (3851 turns).

MordorOrchid the Ruffian (Troll Necromancer)        Turns: 3851, Time: 00:10:46

Health: -9/108     AC: 24    Str: 16 (17) XL:     8   Next: 18%
Magic:  10/10      EV:  1    Int: 10 (13) God:
Gold:   341        SH:  0    Dex:  8 (10) Spells: 3/11 levels left

rFire    . . .     SeeInvis .     - Unarmed
rCold    . . .     Gourm    +   (no shield)
rNeg     + + +     Faith    .   (armour currently unavailable)
rPois    +         Spirit   .   (helmet currently unavailable)
rElec    .         Reflect  .   (cloak currently unavailable)
rCorr    +         Harm     .   (gloves unavailable)
MR       .....     NoTele   +   (boots unavailable)
Stlth    +.........             (no amulet)
HPRegen  0.68/turn              r - ring of resist corrosion
MPRegen  0.12/turn              (no ring)

@: tree-form
A: large, unfitting armour, fast metabolism 3, gourmand, regeneration 1
a: no special abilities


You were on level 6 of the Dungeon.
You were completely stuffed.
You were a tree.
You visited 1 branch of the dungeon, and saw 6 of its levels.

You collected 341 gold pieces.

Inventory:

Missiles
 n - 26 poisoned needles
Armour
 a - a +0 robe (melded)
Jewellery
 r - a ring of resist corrosion (left branch)
Scrolls
 d - 5 scrolls of remove curse
 f - a scroll of teleportation
 k - a scroll of amnesia {unknown}
 l - a scroll of identify {unknown}
 p - a scroll of magic mapping {unknown}
 q - a scroll of enchant weapon {unknown}
 s - a scroll of fog {unknown}
 t - a scroll of immolation
 u - a scroll of random uselessness {unknown}
Potions
 e - a potion of lignification
 g - 2 potions of heal wounds {unknown}
 i - a potion of flight {unknown}
 j - a potion of ambrosia {unknown}
 m - a potion of mutation {unknown}
 o - 2 potions of degeneration
 v - a potion of experience {unknown}
Books
 b - a book of Necromancy

   Spells                             Type                      Level
   a - Pain                           Necromancy                   1
   b - Animate Skeleton               Necromancy                   1
   c - Vampiric Draining              Necromancy                   3
   d - Regeneration                   Charms/Necromancy            3
   e - Animate Dead                   Necromancy                   4
   f - Borgnjor's Vile Clutch         Necromancy/Earth             5
Comestibles
 c - 8 rations


   Skills:
 - Level 2.0 Fighting
 * Level 4.2 Dodging
 - Level 1.0 Stealth
 + Level 6.2 Unarmed Combat
 * Level 2.1 Spellcasting
 * Level 4.6 Necromancy


You had 3 spell levels left.
You knew the following spells:

 Your Spells              Type           Power        Failure   Level  Hunger
a - Pain                  Necr           ##..         4%          1    ##.....
k - Regeneration          Chrm/Necr      #.........   34%         3    ####...
u - Animate Skeleton      Necr           N/A          4%          1    ##.....
v - Vampiric Draining     Necr           ##........   14%         3    ####...


Dungeon Overview and Level Annotations

Branches:
Dungeon (6/15)
 Temple: D:4-7

Altars:
Dithmenos
Hepliaklqana
Nemelex Xobeh
Qazlal
Trog
Vehumet
Xom
Yredelemnul
Zin
The Shining One

Shops:
D:3 *


Innate Abilities, Weirdness & Mutations

You are too large for most types of armour.
((You have claws for hands.))
Your metabolism is lightning-fast.
You like to eat raw meat.
Your natural rate of healing is unusually fast.
((You are covered in fur. (AC +1)))
((You have very tough skin. (AC +2)))


Message History

It was a potion of lignification.
You turn into a tree.
Your +0 robe melds into your body.
Your roots penetrate the ground.
You barely miss the orc warrior.
The orc warrior is severely wounded.
The orc warrior hits you with a glaive!!
* * * LOW HITPOINT WARNING * * *
You hit the orc warrior.
The orc warrior is almost dead.
The orc wizard mumbles some strange words.
The orc wizard blinks!
The orc warrior hits you with a glaive.
* * * LOW HITPOINT WARNING * * *
You closely miss the orc warrior.
The orc warrior is almost dead.
The orc wizard hits your orc skeleton with a dagger.
The orc wizard gestures at you while chanting.
Your orc skeleton seems to slow down.
You completely miss the orc warrior.
The orc warrior is almost dead.
The orc warrior hits you with a glaive!
You die...

.# ############ #.#
####.oZ♣o§..... ...
#....########## ..# #.#..#####
### #.# .. ######........# #.#
#.# ..
#...####.Z###.#####.###.### ##.
#...# #...Z..............#
##.##...####..###..####.###.#.##
.....)................>........#
....#...###...................<#


You could see an orc warrior, an orc wizard and a friendly orc skeleton.

Vanquished Creatures
  Eustachio (D:4)
  Edmund (D:4)
  A water moccasin (D:5)
  A centaur (D:5)
  2 scorpions
  A bullfrog zombie (D:6)
  A centaur zombie (D:5)
  A hound (D:5)
  4 orc priests
  4 orc wizards
  Terence (D:2)
  4 worker ants
  A hound skeleton (D:5)
  5 adders
  An adder skeleton (D:5)
  7 worms
  3 dart slugs (D:1)
  4 leopard geckos
  19 orcs
  A giant cockroach (D:4)
  5 goblins
  9 hobgoblins
  12 jackals
  4 kobolds
  A quokka (D:2)
  A ball python (D:3)
  8 bats
  5 frilled lizards
  A jackal skeleton (D:5)
  6 rats
115 creatures vanquished.

Vanquished Creatures (collateral kills)
  An orc wizard (D:4)
  2 frilled lizards (D:1)
  A kobold (D:2)
  A leopard gecko skeleton (D:5)
5 creatures vanquished.

Grand Total: 120 creatures vanquished

Notes
Turn   | Place    | Note
-------+----------+-------------------------------------------
     0 | D:1      | MordorOrchid the Troll Necromancer began the quest for the Orb.
     0 | D:1      | Reached XP level 1. HP: 16/16 MP: 1/1
     1 | D:1      | Noticed an electric eel
    36 | D:1      | Learned a level 1 spell: Animate Skeleton
   208 | D:1      | Reached skill level 1 in Unarmed Combat
   208 | D:1      | Reached XP level 2. HP: 25/26 MP: 2/2
   281 | D:1      | Reached skill level 1 in Fighting
   622 | D:1      | Reached XP level 3. HP: 31/33 MP: 3/3
   754 | D:1      | Reached skill level 2 in Unarmed Combat
  1189 | D:2      | Found a bloodstained altar of Trog.
  1242 | D:2      | Noticed Terence
  1257 | D:2      | Killed Terence
  1257 | D:2      | Reached skill level 3 in Unarmed Combat
  1257 | D:2      | Reached XP level 4. HP: 33/41 MP: 1/4
  1304 | D:2      | Found a glowing golden altar of the Shining One.
  1649 | D:2      | Learned a level 3 spell: Vampiric Draining
  1729 | D:3      | Found Zin's Purification Station.
  1733 | D:3      | Found a glowing silver altar of Zin.
  1787 | D:3      | Reached XP level 5. HP: 49/49 MP: 5/5
  2425 | D:4      | Reached skill level 4 in Unarmed Combat
  2508 | D:4      | Noticed Edmund
  2558 | D:4      | Killed Edmund
  2558 | D:4      | Reached XP level 6. HP: 10/57 MP: 1/7
  2627 | D:4      | Found a radiant altar of Vehumet.
  2634 | D:4      | Found a sparkling altar of Nemelex Xobeh.
  2639 | D:4      | Found a stormy altar of Qazlal.
  2646 | D:4      | Found a hazy altar of Hepliaklqana.
  2651 | D:4      | Found a basalt altar of Yredelemnul.
  2658 | D:4      | Found a shimmering altar of Xom.
  2663 | D:4      | Found a shadowy altar of Dithmenos.
  2864 | D:4      | Noticed Eustachio
  2900 | D:4      | Reached XP level 7. HP: 57/65 MP: 9/9
  2983 | D:4      | Killed Eustachio
  2983 | D:4      | Reached skill level 5 in Unarmed Combat
  3066 | D:5      | Entered Level 5 of the Dungeon
  3073 | D:4      | Learned a level 3 spell: Regeneration
  3444 | D:5      | Reached skill level 6 in Unarmed Combat
  3444 | D:5      | Reached XP level 8. HP: 52/72 MP: 5/10
  3848 | D:6      | HP: 3/108 [orc warrior/glaive (20)]
  3849 | D:6      | HP: 1/108 [orc warrior/glaive (3)]
  3851 | D:6      | Mangled by an orc warrior

Skill      XL: |  1  2  3  4  5  6  7  8 |
---------------+-------------------------+-----
Unarmed Combat | 1 3 4 6 |  6.2
Fighting       | 1 2 |  2.0
Dodging        | 2 3 4 |  4.2
Spellcasting   | 2 |  2.1
Necromancy     | 4 |  4.6
Stealth        | |  1.0

Action                   |  1- 3 |  4- 6 |  7- 9 || total
-------------------------+-------+-------+-------++-------
Melee: Unarmed           |   116 |   159 |   101 ||   376
       Punch             |       |       |     3 ||     3
 Cast: Animate Skeleton  |    20 |    17 |     5 ||    42
       Pain              |     3 |     8 |    10 ||    21
       Vampiric Draining |       |     1 |     2 ||     3
Evoke: Wand              |       |     8 |       ||     8
  Use: Scroll            |       |     2 |     1 ||     3
       Potion            |       |       |     2 ||     2
 Stab: Sleeping          |     2 |     2 |     1 ||     5
       Distracted        |     1 |       |       ||     1
  Eat: Chunk             |    18 |    16 |    10 ||    44
Armor: Robe              |    36 |    36 |    21 ||    93
Dodge: Dodged            |    64 |    49 |    61 ||   174
